 Dungeon Sprint DCSS version 0.18-a0-1323-g706dcef (webtiles) character file.

7 Kidiri the Magician (level 1, -1/10 HPs)
             Began as a Deep Elf Fire Elementalist on Feb 15, 2016.
             Was an Initiate of Vehumet.
             Slain by an orc
             ... wielding a +0 mace
              (9 damage)
             ... in the Dungeon (Sprint VII: "The Pits").
             The game lasted 00:00:41 (76 turns).

Kidiri the Magician (Deep Elf Fire Elementalist)      Turns: 76, Time: 00:00:41

Health: -1/10      AC:  2    Str:  5    XL:     1   Next: 83%
Magic:  3/7        EV: 13    Int: 19    God:    Vehumet [......]
Gold:   0          SH:  0    Dex: 15    Spells: 1 memorised, 6 levels left

rFire  . . .     SeeInvis .     q - +2 quarterstaff
rCold  . . .     Gourm    .     a - +0 robe
rNeg   . . .     Faith    .     (shield currently unavailable)
rPois  .         Spirit   .     (no helmet)
rElec  .         Dismiss  .     (no cloak)
rCorr  .         Reflect  .     (no gloves)
SustAt .         Harm     .     (no boots)
MR     .....     NoTele   +     (no amulet)
Stlth  ++........               (no ring)
                                (no ring)

@: not resistant to hostile enchantments, unstealthy
A: no striking features
a: Renounce Religion


You were in the Dungeon.
You worshipped Vehumet.
Vehumet was noncommittal.
You were not hungry.

You visited 1 branch

Inventory:

Hand Weapons
 q - a +2 quarterstaff (weapon)
Armour
 a - a +0 robe (worn)
Scrolls
 i - a scroll of blinking
 n - 3 scrolls of remove curse
 o - 5 scrolls of amnesia
 p - a scroll of summoning
Potions
 d - a potion of curing
 e - a potion of heal wounds
 f - a potion of haste
 g - 4 potions of magic
 h - 3 potions of berserk rage
 m - 2 potions of invisibility
Books
 b - a book of Flames

   Spells                             Type                      Level
   a - Flame Tongue                   Conjuration/Fire             1
   b - Throw Flame                    Conjuration/Fire             2
   c - Conjure Flame                  Conjuration/Fire             3
   d - Inner Flame                    Hexes/Fire                   3
   e - Sticky Flame                   Conjuration/Fire             4
   f - Fireball                       Conjuration/Fire             5
Comestibles
 c - 8 bread rations
 j - a chunk of flesh
 k - 40 fruits
 l - 7 meat rations


   Skills:
 + Level 0.6 Staves
 * Level 3.3 Dodging
 + Level 2.8 Stealth
 - Level 0.1 Unarmed Combat
 * Level 3.8 Spellcasting
 + Level 1.9 Conjurations
 + Level 3.5 Fire Magic


You had 6 spell levels left.
You knew the following spells:

 Your Spells              Type           Power        Failure   Level  Hunger
a - Flame Tongue          Conj/Fire      ##...        6%          1    None


Dungeon Overview and Level Annotations

Branches:
Dungeon (1/1)

Altars:
Ashenzari
Cheibriados
Dithmenos
Elyvilon
Fedhas
Gozag
Kikubaaqudgha
Makhleb
Nemelex Xobeh
Okawaru
Pakellas
Qazlal
Ru
Sif Muna
Trog
Vehumet
Xom
Yredelemnul
Zin
The Shining One
Beogh
Jiyva
Lugonu


Message History

An orc comes into view. It is wielding a mace.
Casting: Flame Tongue
Confirm with . or Enter, or press ? or * to list all spells.
Aiming: Flame Tongue
Press: ? - help, Shift-Dir - straight line, f/p - ufetubus
Aim: an ufetubus (almost dead)
The flame tongue hits the ufetubus.
The ufetubus is burned terribly!
You kill the ufetubus!
Vehumet accepts your kill.
Your Dodging skill increases to level 3!
Casting: Flame Tongue
Confirm with . or Enter, or press ? or * to list all spells.
Aiming: Flame Tongue
Press: ? - help, Shift-Dir - straight line, f - orc
Aim: an orc, wielding a mace The flame tongue hits the orc.
The orc is lightly wounded.
The orc hits you with a mace!
Ouch! That really hurt!
You die...

############
#__________#
#__________#
#_#####+##############++
#_#)).+.+..##...........
#_#)))#.#?(##......#..#.
#######+#####...........
#......@....'...........
#+#####o#####......#..#.
... #........... #####
####+#####++ #.......#
#.......# #.......#
#...<...# #.......#


You could see an orc.

Vanquished Creatures
  An ufetubus (D)
  A quokka (D)
2 creatures vanquished.

Notes
Turn   | Place    | Note
--------------------------------------------------------------
     0 | D        | Kidiri the Deep Elf Fire Elementalist began the quest for the Orb.
     0 | D        | Reached XP level 1. HP: 10/10 MP: 6/6
    50 | D        | Found a sacrificial altar of Ru.
    50 | D        | Found a basalt altar of Yredelemnul.
    50 | D        | Found a shadowy altar of Dithmenos.
    50 | D        | Found a deep blue altar of Sif Muna.
    50 | D        | Found a burning altar of Makhleb.
    50 | D        | Found a shimmering altar of Xom.
    50 | D        | Found an ancient bone altar of Kikubaaqudgha.
    50 | D        | Found a sparkling altar of Nemelex Xobeh.
    51 | D        | Found a glowing golden altar of the Shining One.
    51 | D        | Found a bloodstained altar of Trog.
    51 | D        | Found a shattered altar of Ashenzari.
    51 | D        | Found a white marble altar of Elyvilon.
    51 | D        | Found a snail-covered altar of Cheibriados.
    51 | D        | Found a blossoming altar of Fedhas.
    51 | D        | Found a radiant altar of Vehumet.
    51 | D        | Found a glowing silver altar of Zin.
    51 | D        | Found a corrupted altar of Lugonu.
    51 | D        | Found a viscous altar of Jiyva.
    51 | D        | Found a roughly hewn altar of Beogh.
    51 | D        | Found an iron altar of Okawaru.
    52 | D        | Found an oddly glowing altar of Pakellas.
    57 | D        | Found a stormy altar of Qazlal.
    57 | D        | Found an opulent altar of Gozag.
    59 | D        | Became a worshipper of Vehumet
    76 | D        | Slain by an orc

Vault maps used:
D:        pitsprint

Action                   || total
-------------------------++-------
 Cast: Flame Tongue      ||     5
